 Dungeon Sprint DCSS version 0.29.1-12-g30fa7ad0bf (webtiles) character file.

Game seed: 14528289861131034752

182 Groucho the Digger (level 5, -14/24 HPs)
             Began as a Spriggan Earth Elementalist on Dec 28, 2022.
             Was an Elder of Vehumet.
             Demolished by a warg (17 damage)
             ... in the Dungeon (Sprint VII: "The Pits").
             The game lasted 00:05:27 (1941 turns).

Groucho the Digger (Spriggan Earth Elementalist)    Turns: 1941, Time: 00:05:28

Health: -14/24     AC:  2    Str:  4    XL:     5   Next: 34%
Magic:  11/14      EV: 20    Int: 19    God:    Vehumet [****..]
Gold:   0          SH:  0    Dex: 15    Spells: 8/15 levels left

rFire   . . .      SeeInvis +   m - +2 quarterstaff (protect)
rCold   . . .      Faith    .   (shield currently unavailable)
rNeg    . . .      Spirit   .   a - +0 robe
rPois   .          Reflect  .   (helmet restricted)
rElec   .          Harm     .   (no cloak)
rCorr   .          Rampage  .   (gloves unavailable)
Will    .....      NoTele   +   (boots unavailable)
Stlth   ++........              (no amulet)
HPRegen 0.08/turn               (no ring)
MPRegen 0.14/turn               (no ring)

@: very quick
A: very small, no large weapons, unfitting armour, see invisible, speed 3
a: Renounce Religion


You were in the Dungeon.
You worshipped Vehumet.
Vehumet was greatly pleased with you.
You visited 1 branch

Inventory:

Hand Weapons
 m - a +2 quarterstaff of protection (weapon)
Missiles
 j - 10 stones
Armour
 a - a +0 robe (worn)
Scrolls
 g - a scroll of blinking
 k - 5 scrolls of amnesia
 l - a scroll of summoning
Potions
 b - 5 potions of magic
 c - 6 potions of curing
 d - 6 potions of heal wounds
 e - a potion of haste
 f - 3 potions of berserk rage
 i - 2 potions of invisibility


   Skills:
 + Level 6.3 Dodging
 - Level 3.0 Stealth
 + Level 5.9 Spellcasting
 * Level 3.3 Conjurations
 + Level 6.0 Transmutations
 * Level 6.3 Earth Magic


You had 8 spell levels left.
You knew the following spells:

 Your Spells              Type           Power      Damage    Failure   Level
a - Sandblast             Erth           58%        2d13      1%          1
b - Foxfire               Conj/Fire      44%        2x1d6     1%          1
c - Stone Arrow           Conj/Erth      48%        3d10      1%          3
d - Passwall              Tmut/Erth      24%        N/A       1%          2

Your spell library contained the following spells:

 Spells                   Type           Power      Damage    Failure   Level
 Iskenderun's Mystic Bla  Conj/Tloc      11%        2d4       16%         4
 Petrify                  Tmut/Erth      29%        N/A       9%          4


Dungeon Overview and Level Annotations

Branches:
Dungeon (1/1)

Altars:
Ashenzari
Cheibriados
Dithmenos
Elyvilon
Fedhas
Gozag
Hepliaklqana
Kikubaaqudgha
Makhleb
Nemelex Xobeh
Okawaru
Qazlal
Ru
Sif Muna
Trog
Uskayaw
Vehumet
Wu Jian
Xom
Yredelemnul
Zin
The Shining One
Jiyva
Lugonu


Innate Abilities, Weirdness & Mutations

You are very small and have problems with some larger weapons.
You are too small for most types of armour.
You have supernaturally acute eyesight. (SInv)
You cover ground extremely quickly. (Speed+++)


Message History

Confirm with . or Enter, or press ? or * to list all spells.
Aiming: Sandblast (safe; 1% risk of failure)
Press: ? - help, Shift-Dir - straight line, f/p - hobgoblin
Aim: a hobgoblin (moderately wounded, 83% to hit)
The blast of sand hits the hobgoblin!
You kill the hobgoblin!
Vehumet accepts your kill.
Unknown command.
Unknown command.
You see here a hobgoblin corpse.
You see here a +0 club.
You see here a +0 club.
The goblin shouts!
The warg howls!
There is an open door to the Storerooms (Easy) here.
The warg bites you. The warg bites you!
There is an open door to the Storerooms (Easy) here.
You see here a +0 club.
You see here a +0 club.
Casting: Sandblast (safe; 1% risk of failure)
Confirm with . or Enter, or press ? or * to list all spells.
You conjure some foxfire!
Unknown command.
Casting: Foxfire (safe; 1% risk of failure)
Confirm with . or Enter, or press ? or * to list all spells.
Aiming: Sandblast (safe; 1% risk of failure)
Press: ? - help, Shift-Dir - straight line, f - warg
Aim: a warg (ally target, 79% to hit)
The blast of sand hits the warg!!
The warg is severely wounded.
The foxfire hits the warg.
The warg is severely wounded.
The foxfire hits the warg but does no damage.
The warg is severely wounded.
The warg bites you!
Ouch! That really hurt!
* * * LOW HITPOINT WARNING * * *
The warg bites you!
Ouch! That really hurt!
You die...

############
#_________.#
#_________.#
#_______...###########++
##########'##...........
#.?..')))'.##......#..#.
##########.##...........
#..†..§@h.))g.....).....
#'#####'#####......#..#.
#.#.)#..#..##...........
#.#..'..'..#####'#####++
#.##+####'###.......#
#.#........##.......#
#.#........##.......#
#.#####'#####...<...#
#.#...)))[.##.......#


You could see a warg and a goblin.

Vanquished Creatures
  A bullfrog (D)
  An iguana (D)
  An orc wizard (D)
  An adder (D)
  3 gnolls (D)
  A river rat (D)
  2 orcs (D)
  A ball python (D)
  A goblin (D)
  2 hobgoblins (D)
  3 jackals (D)
  A ball python zombie (D)
18 creatures vanquished.

Vanquished Creatures (others)
  3 foxfires (D)
3 creatures vanquished.

Grand Total: 21 creatures vanquished

Notes
Turn   | Place    | Note
-------+----------+-------------------------------------------
     0 | D        | Groucho the Spriggan Earth Elementalist began the quest for
                  | the Orb.
     0 | D        | Reached XP level 1. HP: 9/9 MP: 5/5
    38 | D        | Found a glowing golden altar of the Shining One.
    38 | D        | Found a glowing silver altar of Zin.
    38 | D        | Found a basalt altar of Yredelemnul.
    38 | D        | Found a shimmering altar of Xom.
    38 | D        | Found an ornate altar of the Wu Jian Council.
    38 | D        | Found a bloodstained altar of Trog.
    38 | D        | Found a shimmering blue altar of Sif Muna.
    38 | D        | Found a sacrificial altar of Ru.
    38 | D        | Found a stormy altar of Qazlal.
    38 | D        | Found an iron altar of Okawaru.
    38 | D        | Found a sparkling altar of Nemelex Xobeh.
    38 | D        | Found a burning altar of Makhleb.
    38 | D        | Found a viscous altar of Jiyva.
    38 | D        | Found a hazy altar of Hepliaklqana.
    38 | D        | Found an opulent altar of Gozag.
    38 | D        | Found a blossoming altar of Fedhas.
    38 | D        | Found a white marble altar of Elyvilon.
    38 | D        | Found a shadowy altar of Dithmenos.
    38 | D        | Found a snail-covered altar of Cheibriados.
    39 | D        | Found a radiant altar of Vehumet.
    39 | D        | Found a corrupted altar of Lugonu.
    40 | D        | Found a hide-covered altar of Uskayaw.
    40 | D        | Found an ancient bone altar of Kikubaaqudgha.
    40 | D        | Found a broken altar of Ashenzari.
    47 | D        | Became a worshipper of Vehumet
    70 | D        | Reached XP level 2. HP: 13/13 MP: 2/7
   379 | D        | Reached * piety under Vehumet
   379 | D        | Offered knowledge of Foxfire by Vehumet.
   450 | D        | Reached ** piety under Vehumet
   470 | D        | Reached XP level 3. HP: 16/16 MP: 3/9
   482 | D        | Learned a level 1 spell: Foxfire
   486 | D        | Learned a level 3 spell: Stone Arrow
   810 | D        | Offered knowledge of Static Discharge by Vehumet.
   950 | D        | Reached skill level 5 in Dodging
   950 | D        | Reached skill level 1 in Conjurations
   950 | D        | Reached skill level 5 in Earth Magic
   950 | D        | Reached XP level 4. HP: 21/21 MP: 7/11
   973 | D        | Reached *** piety under Vehumet
   973 | D        | Offered knowledge of Scorch by Vehumet.
  1018 | D        | Learned a level 2 spell: Passwall
  1218 | D        | Noticed an ice beast
  1219 | D        | Noticed a warg
  1302 | D        | Offered knowledge of Olgreb's Toxic Radiance by Vehumet.
  1303 | D        | Reached skill level 5 in Spellcasting
  1309 | D        | Reached skill level 5 in Transmutations
  1345 | D        | Reached **** piety under Vehumet
  1625 | D        | Noticed a bullfrog
  1630 | D        | Killed a bullfrog
  1630 | D        | Offered knowledge of Iskenderun's Mystic Blast by Vehumet.
  1631 | D        | Reached XP level 5. HP: 24/24 MP: 12/14
  1941 | D        | Demolished by a warg

Illustrated notes

Levels and vault maps discovered:
D:        pitsprint [storerooms_1, entrance_room_1, metal_vault_7, armoury_3,
          mini_pit_1, grid_room_1, main_hall_1, silver_pit, the_coven_1,
          the_vestibule_1, steel_vault_5, golden_pit, hallway_of_sentries,
          crystal_vault_3, iron_vault_2, final_vault]

Skill      XL: |  1  2  3  4 |
---------------+-------------+-----
Dodging        | 3 4 5 6 |  6.3
Earth Magic    | 3 4 5 6 |  6.3
Spellcasting   | 3 4 5 |  5.9
Transmutations | 2 3 4 6 |  6.0
Conjurations   | 1 3 |  3.3
Stealth        | |  3.0

Action                   |  1- 3 |  4- 6 || total
-------------------------+-------+-------++-------
 Cast: Sandblast         |    25 |    20 ||    45
       Foxfire           |       |     2 ||     2
       Stone Arrow       |       |     1 ||     1
Armor: Robe              |     1 |       ||     1
Dodge: Dodged            |    10 |     8 ||    18
